 Dungeon Crawl Stone Soup version 0.17-a0-1945-gfe993df (webtiles) character file.

83 derrpe the Conjurer (level 4, -2/36 HPs)
             Began as a Naga Wizard on Oct 1, 2015.
             Slain by a goblin
             ... wielding a +0 dagger
             ... led by Robin
              (3 damage)
             ... on level 2 of the Dungeon.
             The game lasted 00:05:52 (2054 turns).

derrpe the Conjurer (Naga Wizard)                   Turns: 2054, Time: 00:05:53

Health: -2/36      AC:  2    Str: 15    XL:     4   Next: 44%
Magic:  8/8        EV:  9    Int: 19    God:
Gold:   150        SH:  0    Dex:  9    Spells: 4 memorised, 1 level left

rFire  + . .     SeeInvis +     t - +0 short sword
rCold  x . .     Clarity  .     l - +0 leather armour (curse)
rNeg   . . .     SustAt   +     (no shield)
rPois  +         Gourm    .     b - +0 hat
rElec  .         Spirit   .     (no cloak)
rCorr  .         Warding  .     (no gloves)
rMut   .         Stasis   .     (no barding)
MR     .....                    (no amulet)
Stlth  ++........               r - ring of fire
                                p - ring of sustain attributes

@: mighty, very slightly contaminated, very slow, not resistant to hostile
enchantments, unstealthy
A: see invisible, deformed body, poison resistance, slowness 2, slow metabolism
1, spit poison 2, AC +1
a: Spit Poison


You were on level 2 of the Dungeon.
You were not hungry.

You visited 1 branch of the dungeon, and saw 2 of its levels.

You collected 150 gold pieces.

Inventory:

Hand weapons
 t - a +0 short sword (weapon)
Missiles
 j - 16 bolts
Armour
 a - a +0 robe
 b - a +0 hat (worn)
 l - a cursed +0 leather armour (worn)
Jewellery
 p - a ring of sustain attributes (left hand)
 r - a ring of fire (right hand)
Scrolls
 e - 2 scrolls of identify {unknown}
 f - a scroll of magic mapping {unknown}
 g - a scroll of amnesia {unknown}
 k - 2 scrolls of teleportation {unknown}
 m - a scroll of fear {unknown}
 q - 2 scrolls of remove curse {unknown}
 u - a scroll of fog {unknown}
 w - a scroll of enchant armour {unknown}
 x - a scroll of noise {unknown}
Potions
 i - a potion of lignification {unknown}
Books
 c - a book of Minor Magic

   Spells                             Type                      Level
   a - Magic Dart                     Conjuration                  1
   b - Blink                          Translocation                2
   c - Call Imp                       Summoning                    2
   d - Repel Missiles                 Charms/Air                   2
   e - Slow                           Hexes                        2
   f - Conjure Flame                  Conjuration/Fire             3
   g - Mephitic Cloud                 Conjuration/Poison/Air       3
Comestibles
 d - a chunk of flesh {@w0}
 v - a bread ration {@e1}


   Skills:
 - Level 1.5 Dodging
 - Level 3.0 Stealth
 - Level 3.0 Spellcasting
 * Level 3.5 Conjurations
   Level 1.0 Summonings
 - Level 1.0 Translocations
 * Level 1.2 Air Magic
 + Level 1.5 Poison Magic


You had one spell level left.
You knew the following spells:

 Your Spells              Type           Power        Failure   Level  Hunger
a - Magic Dart            Conj           ###.         6%          1    None
b - Blink                 Tloc           N/A          21%         2    ##.....
c - Repel Missiles        Chrm/Air       #.....       24%         2    ##.....
d - Mephitic Cloud        Conj/Pois/Air  ##......     28%         3    ###....


Dungeon Overview and Level Annotations

Branches:
Dungeon (2/15)

Altars:


Innate Abilities, Weirdness & Mutations

You cannot wear boots.
Your serpentine skin is tough (AC +1).
You have supernaturally acute eyesight.
Armour fits poorly on your strangely shaped body.
Your system is resistant to poisons.
You cover ground very slowly.
You have a slow metabolism.
You can spit poison.


Message History

* * * LOW HITPOINT WARNING * * *
The goblin barely misses you. The goblin hits you but does no damage.
The hobgoblin hits you.
* * * LOW HITPOINT WARNING * * *
The goblin shouts!
You puncture the goblin!
You kill the goblin!
You have got your breath back.
The goblin misses you. The hobgoblin hits you.
* * * LOW HITPOINT WARNING * * *
Casting: Blink
Confirm with . or Enter, or press ? or * to list all spells.
Okay, then.
Unknown command.
Read which item? (? for menu, Esc to quit)
Okay, then.
Drink which item? (? for menu, Esc to quit)
It was a potion of magic.
Magic courses through your body. The goblin hits you with a dagger.
You die...

#.......# ##.# #.......#
#..# #.......# #.##
#.......# ##.#
#.....(.###..#############
######......##.........gg.
####gg###........####
#ggg##......#...#
##@#).g.########g##
#(.####....# #.g. ##)##
####g# #### #..# #.### #.
###.## #...#####. ###...#
###..)..[. #...###
######.. #.### ##. #.#
###..


You could see a hobgoblin and 4 goblins.

Vanquished Creatures
  Robin (D:2)
  2 adders (D:2)
  An ooze (D:1)
  A worm (D:2)
  A giant gecko (D:2)
  A ball python (D:1)
  2 bats
  A giant cockroach (D:1)
  9 goblins
  7 hobgoblins
  9 jackals (D:1)
  A kobold (D:1)
  A giant newt (D:1)
  4 rats
41 creatures vanquished.

Notes
Turn   | Place    | Note
--------------------------------------------------------------
     0 | D:1      | derrpe the Naga Wizard began the quest for the Orb.
     0 | D:1      | Reached XP level 1. HP: 15/15 MP: 4/4
   257 | D:1      | Reached XP level 2. HP: 16/22 MP: 0/6
   664 | D:1      | Reached XP level 3. HP: 28/28 MP: 7/7
  1040 | D:2      | Learned a level 2 spell: Blink
  1043 | D:2      | Learned a level 2 spell: Repel Missiles
  1047 | D:2      | Learned a level 3 spell: Mephitic Cloud
  1738 | D:2      | Reached skill level 1 in Poison Magic
  1738 | D:2      | Reached XP level 4. HP: 28/36 MP: 2/8
  1829 | D:2      | Reached skill level 1 in Air Magic
  1873 | D:2      | Noticed Robin
  2044 | D:2      | Killed Robin
  2053 | D:2      | HP: 1/36 [hobgoblin[Robin] (5)]
  2054 | D:2      | Slain by a goblin

Vault maps used:
D:1:      minmay_arrival_cross, st_stairs_10
D:2:      first_bread, lemuel_tele_altar, uniq_robin

Action                   |  1- 3 |  4- 6 || total
-------------------------+-------+-------++-------
Melee: Short sword       |    22 |    23 ||    45
Throw: Throwing net      |     4 |     1 ||     5
 Cast: Magic Dart        |    76 |    14 ||    90
       Mephitic Cloud    |       |     1 ||     1
 Abil: Spit Poison       |    20 |     2 ||    22
  Use: Potion            |     1 |     4 ||     5
       Scroll            |     1 |       ||     1
 Stab: Held in net/web   |       |     2 ||     2
  Eat: Bread ration      |     1 |       ||     1
